 Dungeon Crawl Stone Soup version 0.19.1-1-g22dce08 (webtiles) character file.

1349 dngmouse the Cleaver (level 8, -4/68 HPs)
             Began as a Minotaur Fighter on Jan 16, 2017.
             Was a Believer of Okawaru.
             Killed from afar by a steam dragon (15 damage)
             ... with a ball of steam
             ... on level 7 of the Dungeon.
             The game lasted 00:12:33 (5269 turns).

dngmouse the Cleaver (Minotaur Fighter)             Turns: 5269, Time: 00:12:38

Health: -4/68      AC: 13    Str: 23    XL:     8   Next: 36%
Magic:  5/7        EV:  9    Int:  5    God:    Okawaru [**....]
Gold:   220        SH: 11    Dex: 10    Spells: 0 memorised, 7 levels left

rFire  . . .     SeeInvis .     a - +0 war axe
rCold  . . .     Gourm    +     L - +0 chain mail
rNeg   + . .     Faith    .     c - +0 shield
rPois  .         Spirit   .     (helmet restricted)
rElec  .         Reflect  .     g - +0 cloak
rCorr  +         Harm     .     (no gloves)
MR     .....                    p - +0 pair of boots
Stlth  ..........               l - amulet of the gourmand
                                D - ring of resist corrosion
                                E - ring of positive energy

@: heroism
A: retaliatory headbutt, horns 2
a: Heroism, Renounce Religion


You were on level 7 of the Dungeon.
You worshipped Okawaru.
Okawaru was pleased with you.
You were completely stuffed.

You visited 2 branches of the dungeon, and saw 8 of its levels.

You collected 220 gold pieces.

Inventory:

Hand Weapons
 a - a +0 war axe (weapon)
Missiles
 q - 2 javelins (quivered)
 r - 2 tomahawks of returning
Armour
 c - a +0 shield (worn)
 g - a +0 cloak (worn)
 p - a +0 pair of boots (worn)
 L - a +0 chain mail (worn)
Jewellery
 l - an amulet of the gourmand (around neck)
 D - a ring of resist corrosion (right hand)
 E - a ring of positive energy (left hand)
 G - an uncursed ring of wizardry
Wands
 x - a wand of iceblast (6/15)
 A - a wand of flame (22/48)
 K - a wand of digging (7/24)
Scrolls
 e - a scroll of enchant weapon {unknown}
 h - 9 scrolls of identify
 k - 2 scrolls of immolation {unknown}
 m - 2 scrolls of recharging {unknown}
 n - 2 scrolls of fear {unknown}
 s - 4 scrolls of teleportation {unknown}
 t - 3 scrolls of enchant armour {unknown}
 v - 2 scrolls of blinking {unknown}
 y - a scroll of random uselessness {unknown}
 z - 3 scrolls of fog {unknown}
 C - a scroll of noise {unknown}
 F - a scroll of magic mapping {unknown}
 I - 3 scrolls of remove curse {unknown}
Potions
 d - a potion of might
 i - 3 potions of curing
 j - a potion of magic
Comestibles
 b - 2 chunks of flesh
 f - 5 bread rations
 w - 3 meat rations


   Skills:
 - Level 5.0(10.0) Fighting
 * Level 11.7(16.7) Axes
 - Level 3.6(8.6) Armour
 - Level 3.6(8.6) Shields


You had 7 spell levels left.
You didn't know any spells.

Dungeon Overview and Level Annotations

Branches:
Dungeon (7/15)             Temple (1/1) D:5

Altars:
Fedhas
Makhleb
Okawaru
Ru
Sif Muna
Yredelemnul
The Shining One

Shops:
D:6 %


Innate Abilities, Weirdness & Mutations

You reflexively headbutt those who attack you in melee.
You have a pair of horns on your head.


Message History

The steam dragon is severely wounded.
You hit the fungus.
You are engulfed in a cloud of scalding steam.
The fungus is engulfed in a cloud of scalding steam. x2
The steam dragon bites you!
The steam dragon claws you but does no damage.
Your chain mail prevents you from hitting the steam dragon.
The steam dragon is severely wounded.
You hit the fungus.
You are engulfed in a cloud of scalding steam.
* * * LOW HITPOINT WARNING * * *
The steam dragon barely misses you. The steam dragon claws you.
* * * LOW HITPOINT WARNING * * *
You gain the combat prowess of a mighty hero.
You are engulfed in a cloud of scalding steam.
* * * LOW HITPOINT WARNING * * *
The fungus is engulfed in a cloud of scalding steam. x3
The steam dragon breathes steam at you. The ball of steam hits you!
You die...

#####
##.P.###
##≈P..≈≈#
#≈P....≈##
#≈.....PP#
#PP....≈P#
#(..D≈.#
#P§@P§#
.....#§§≈##
... #§.§# #
#P.P# #§§§#
#P.P# #...#
#P.## #≈.#


You could see a steam dragon.

Vanquished Creatures
  An ice beast (D:7)
  An orc warrior (D:6)
  3 black bears (D:6)
  Blork the orc (D:4)
  A bullfrog (D:6)
  2 scorpions
  A howler monkey (D:5)
  3 crimson imps
  3 hounds
  Crazy Yiuf (D:2)
  Ijyb (D:3)
  An iguana (D:4)
  4 orc wizards
  Natasha (thrice) (D:4 D:5)
  5 adders
  A shadow imp (D:6)
  An adder zombie (D:6)
  An adder skeleton (D:6)
  3 worms
  2 dart slugs
  6 leopard geckos
  21 orcs
  4 giant cockroaches
  4 goblins
  7 hobgoblins
  3 jackals
  7 kobolds
  2 quokkas (D:5)
  11 bats
  6 frilled lizards
  2 jackal skeletons
  A jackal zombie (D:6)
  A leopard gecko skeleton (D:5)
  A quokka skeleton (D:5)
  4 rats
119 creatures vanquished.

Notes
Turn   | Place    | Note
-------+----------+-------------------------------------------
     0 | D:1      | dngmouse the Minotaur Fighter began the quest for the Orb.
     0 | D:1      | Reached XP level 1. HP: 19/19 MP: 0/0
   460 | D:1      | Reached skill level 3 in Axes
   543 | D:1      | Reached XP level 2. HP: 25/27 MP: 1/1
   823 | D:2      | Found a runed door.
  1043 | D:2      | Reached XP level 3. HP: 32/33 MP: 2/2
  1618 | D:2      | Reached skill level 4 in Axes
  2038 | D:2      | Noticed Crazy Yiuf
  2043 | D:2      | Killed Crazy Yiuf
  2043 | D:2      | Reached XP level 4. HP: 41/41 MP: 3/3
  2145 | D:3      | Reached skill level 5 in Fighting
  2145 | D:3      | Reached skill level 5 in Axes
  2145 | D:3      | Reached XP level 5. HP: 30/48 MP: 4/4
  2214 | D:3      | Noticed Ijyb
  2219 | D:3      | Killed Ijyb
  2744 | D:4      | Reached skill level 6 in Axes
  3086 | D:4      | Noticed Blork the orc
  3097 | D:4      | Killed Blork the orc
  3097 | D:4      | Reached skill level 7 in Axes
  3097 | D:4      | Reached XP level 6. HP: 18/56 MP: 5/5
  3323 | D:4      | Noticed Natasha
  3331 | D:4      | Killed Natasha
  3728 | D:5      | Entered Level 5 of the Dungeon
  3788 | D:5      | Reached skill level 8 in Axes
  3789 | D:5      | Found a staircase to the Ecumenical Temple.
  3802 | Temple   | Entered the Ecumenical Temple
  3812 | Temple   | Became a worshipper of Warmaster Okawaru
  4064 | D:5      | Noticed Natasha
  4068 | D:5      | Killed Natasha
  4088 | D:5      | Reached XP level 7. HP: 61/61 MP: 6/6
  4296 | D:5      | Noticed Natasha
  4302 | D:5      | Killed Natasha
  4357 | D:5      | Found a deep blue altar of Sif Muna.
  4623 | D:6      | Reached skill level 9 in Axes
  4682 | D:6      | Reached * piety under Okawaru
  4682 | D:6      | Reached skill level 10 in Axes
  4759 | D:6      | Found Womurgh's Food Boutique.
  4793 | D:6      | Reached XP level 8. HP: 61/68 MP: 7/7
  4828 | D:6      | Found a sacrificial altar of Ru.
  5058 | D:6      | Reached skill level 11 in Axes
  5120 | D:7      | Reached ** piety under Okawaru
  5269 | D:7      | Killed from afar by a steam dragon

Skill      XL: |  1  2  3  4  5  6  7  8 |
---------------+-------------------------+-----
Axes           | 3 4 5 7 8 10 11 | 11.7
Fighting       | 4 5 |  5.0
Armour         | |  3.6
Shields        | |  3.6

Action                   |  1- 3 |  4- 6 |  7- 9 || total
-------------------------+-------+-------+-------++-------
Melee: War axe           |    94 |   127 |   117 ||   338
       Headbutt          |    15 |    25 |    21 ||    61
Throw: Javelin           |     1 |     2 |       ||     3
       Tomahawk          |       |     1 |       ||     1
Invok: Heroism           |       |       |     1 ||     1
  Use: Potion            |       |       |     9 ||     9
       Scroll            |       |       |     1 ||     1
  Eat: Chunk             |     1 |    16 |     7 ||    24
       Pizza             |     1 |       |       ||     1
Armor: Scale mail        |    39 |    49 |     7 ||    95
       Chain mail        |       |       |    48 ||    48
Dodge: Dodged            |    29 |    38 |    28 ||    95
Block: Shield            |    46 |    59 |    64 ||   169
